 Dungeon Crawl Stone Soup version 0.25.1-2-g60ff931df9 (webtiles) character file.

Game seed: 1769817671495514538

33 Madoushi the Skirmisher (level 3, -3/33 HPs)
             Began as a Minotaur Berserker on Oct 2, 2020.
             Was a Follower of Trog.
             Slain by a sky beast (5 damage)
             ... on level 2 of the Dungeon.
             The game lasted 00:01:59 (1582 turns).

Madoushi the Skirmisher (Minotaur Berserker)        Turns: 1582, Time: 00:02:01

Health: -3/33      AC:  2    Str: 22    XL:     3   Next: 12%
Magic:  2/2        EV: 12    Int:  4    God:    Trog [*.....]
Gold:   36         SH:  0    Dex:  9    Spells: 2/2 levels left

rFire    . . .     SeeInvis .   a - +0 hand axe
rCold    . . .     Gourm    .   (no shield)
rNeg     . . .     Faith    .   b - +0 animal skin
rPois    .         Spirit   .   (helmet restricted)
rElec    .         Reflect  .   (no cloak)
rCorr    .         Harm     .   (no gloves)
MR       .....                  (no boots)
Stlth    +.........             (no amulet)
HPRegen  0.11/turn              (no ring)
MPRegen  0.08/turn              (no ring)

@: no status effects
A: retaliatory headbutt, horns 2
a: Berserk, Renounce Religion


You were on level 2 of the Dungeon.
You worshipped Trog.
Trog was aware of your devotion.
You were hungry.

You visited 1 branch of the dungeon, and saw 2 of its levels.

You collected 36 gold pieces.

Inventory:

Hand Weapons
 a - a +0 hand axe (weapon)
 f - a +0 club
Armour
 b - a +0 animal skin (worn)
 l - a +0 chain mail
Jewellery
 h - an uncursed amulet of reflection {unknown}
Scrolls
 d - a scroll of blinking {unknown}
 g - 2 scrolls of immolation {unknown}
 j - a scroll of amnesia {unknown}
 k - a scroll of remove curse {unknown}
Potions
 e - 2 potions of magic {unknown}
 i - 2 potions of degeneration {unknown}
 m - a potion of ambrosia {unknown}
Comestibles
 c - 2 rations


   Skills:
 + Level 4.3 Fighting
 + Level 4.2 Axes
 + Level 2.5 Armour
 + Level 2.5 Dodging
 + Level 0.1 Stealth


You had 2 spell levels left.
You didn't know any spells.
Your spell library was empty.

Dungeon Overview and Level Annotations

Branches:
Dungeon (2/15)

Altars:
Ru


Innate Abilities, Weirdness & Mutations

You reflexively headbutt those who attack you in melee.
You have a pair of horns on your head.


Message History

The sky beast flickers out of sight!
Deactivating autopickup; reactivate with Ctrl-A.
Something hits you. Something shocks you.
A sky beast appears from thin air!
Reactivating autopickup.
You see here 2 stones.
You open the door. The sky beast hits you. The sky beast shocks you.
The goblin misses you.
Found 5 gold pieces.
There is an open door here.
The sky beast flickers out of sight!
Deactivating autopickup; reactivate with Ctrl-A.
You see here 5 gold pieces.
You miss something. Your headbutt misses something. Something hits you.
Something shocks you.
* * * LOW HITPOINT WARNING * * *
Something hits you.
* * * LOW HITPOINT WARNING * * *
Something shocks you.
You die...

.................#
............_....
#+ ###
#.......().###.. #.
..# #..........#
#.##..#
#..........# .....#
#.....(...(#
#....####.....#g###
##.#......)##..#{#
#..<#+#######..#@#
#..............#.#
.......##...##.#.#
.#.....##.#.##.#..
.#.....'..#.# .###
.#.....####.# ..
.#.....# #.# ##
.#.....# #.#
.#.....# #..


You could see a goblin.

Vanquished Creatures
  A dart slug (D:1)
  2 giant cockroaches (D:2)
  8 goblins
  4 hobgoblins (D:1)
  4 bats (D:1)
  A frilled lizard (D:1)
  5 kobolds
  5 rats
30 creatures vanquished.

Notes
Turn   | Place    | Note
-------+----------+-------------------------------------------
     0 | D:1      | Madoushi the Minotaur Berserker began the quest for the
                  | Orb.
     0 | D:1      | Reached XP level 1. HP: 19/19 MP: 0/0
   732 | D:1      | Reached XP level 2. HP: 27/27 MP: 1/1
  1540 | D:2      | Reached XP level 3. HP: 33/33 MP: 2/2
  1561 | D:2      | Found a sacrificial altar of Ru.
  1566 | D:2      | Noticed a sky beast
  1582 | D:2      | Slain by a sky beast

Illustrated notes

Levels and vault maps discovered:
D:1:      dpeg_arrival_yet_another_circle, layout_basic
D:2:      layout_basic, overflow_temple_1_default, minitemple,
          minmay_small_reverse_x

Skill      XL: |  1  2 |
---------------+-------+-----
Fighting       | 4 |  4.3
Axes           | 4 |  4.2
Armour         | |  2.5
Dodging        | |  2.5
Stealth        | |  0.1

Action                   || total
-------------------------++-------
Melee: Hand axe          ||    57
       Headbutt          ||     6
Invok: Berserk           ||     1
  Eat: Chunk             ||     2
Armor: Animal skin       ||     8
Dodge: Dodged            ||    34
